 Dungeon Crawl Stone Soup version 0.27.1 (webtiles) character file.

Game seed: 4928684774774118586

51 ZARRMARR the Gusty (level 3, -5/19 HPs)
             Began as a Deep Elf Air Elementalist on Sept 1, 2021.
             Splashed by Ijyb's acid (12 damage)
             ... on level 3 of the Dungeon.
             The game lasted 00:03:29 (1350 turns).

ZARRMARR the Gusty (Deep Elf Air Elementalist)      Turns: 1350, Time: 00:03:29

Health: -5/19      AC: -2    Str:  5    XL:     3   Next: 57%
Magic:  0/10       EV: 17    Int: 20    God:
Gold:   47         SH:  0    Dex: 15    Spells: 8/9 levels left

rFire    . . .     SeeInvis .   (no weapon)
rCold    . . .     Faith    .   (no shield)
rNeg     . . .     Spirit   .   a - +0 robe
rPois    .         Reflect  .   (no helmet)
rElec    .         Harm     .   (no cloak)
rCorr    .         Rampage  .   (no gloves)
Will     .....                  (no boots)
Stlth    ++........             (no amulet)
HPRegen  0.06/turn              d - +4 ring of evasion
MPRegen  0.12/turn              (no ring)

@: corroded, studying Polearms
A: no striking features
a: no special abilities


You were on level 3 of the Dungeon.
You visited 1 branch of the dungeon, and saw 3 of its levels.

You collected 47 gold pieces.

Inventory:

Missiles
 b - 20 arrows
Armour
 a - a +0 robe (worn)
Jewellery
 d - a +4 ring of evasion (left hand)
Scrolls
 c - a scroll of identify {unknown}


   Skills:
 * Level 3.0 Dodging
 * Level 3.1 Stealth
 + Level 3.6 Spellcasting
 - Level 1.1 Conjurations
 + Level 3.7 Air Magic


You had 8 spell levels left.
You knew the following spells:

 Your Spells              Type           Power      Damage    Failure   Level
a - Shock                 Conj/Air       52%        1d6       4%          1

Your spell library contained the following spells:

 Spells                   Type           Power      Damage    Failure   Level
 Static Discharge         Conj/Air       13%        N/A       8%          2
 Swiftness                Air            18%        N/A       9%          3
 Airstrike                Air            9%         N/A       28%         4


Dungeon Overview and Level Annotations

Branches:
Dungeon (2/15)

Altars:

Annotations:
D:3 Ijyb


Message History

Aim: Ijyb, wielding a +0 club, wearing a +0 leather armour and carrying a wand of acid (9) (severely wounded, 60% to hit)
The zap hits Ijyb.
Ijyb is almost dead.
Aiming: Shock (safe; 4% risk of failure)
Press: ? - help, Q - select action Shift-Dir - straight line, f/p - Ijyb
Aim: Ijyb, wielding a +0 club, wearing a +0 leather armour and carrying a wand of acid (9) (almost dead, 60% to hit)
The zap hits Ijyb but does no damage.
Ijyb is almost dead.
Ijyb screams, "It's all mine!"
Ijyb zaps a wand.
The bolt of acid misses you.
You hit Ijyb but do no damage.
Ijyb is severely wounded.
Ijyb zaps a wand.
The bolt of acid misses you.
Aiming: Shock (safe; 4% risk of failure)
Press: ? - help, Q - select action Shift-Dir - straight line, f/p - Ijyb
Aim: Ijyb, wielding a +0 club, wearing a +0 leather armour and carrying a wand of acid (7) (severely wounded, 60% to hit)
The zap hits Ijyb.
Ijyb is almost dead.
Ijyb completely misses you.
You barely miss Ijyb.
Ijyb is almost dead.
Ijyb hits you with a +0 club.
You hit Ijyb but do no damage.
Ijyb is almost dead.
Ijyb hits you with a +0 club.
You hit Ijyb but do no damage.
Ijyb is almost dead.
A goblin comes into view. It is wielding a +0 dagger.
Ijyb completely misses you.
You closely miss Ijyb.
Ijyb is almost dead.
The goblin shouts!
Ijyb completely misses you.
You hit Ijyb but do no damage.
Ijyb is almost dead.
Ijyb misses you.
Ijyb zaps a wand.
The bolt of acid hits you! The acid corrodes you!
You are splashed with acid!
Ouch! That really hurt!
You die...

#..........
#......... #
#.^..g...#
#.#........#
..........###
#...........
#...g..)... #.#
#####@### #.......#
#.......#
####.......#
...........####
.######.##.........
.........'.........
#......##.........
#.................


You could see Ijyb and a goblin.

Vanquished Creatures
  2 adders (D:2)
  3 dart slugs (D:1)
  3 bats (D:1)
  2 giant cockroaches (D:1)
  5 goblins
  2 hobgoblins
  3 quokkas
  2 ball pythons
  A frilled lizard (D:1)
23 creatures vanquished.

Notes
Turn   | Place    | Note
-------+----------+-------------------------------------------
     0 | D:1      | ZARRMARR the Deep Elf Air Elementalist began the quest for
                  | the Orb.
     0 | D:1      | Reached XP level 1. HP: 10/10 MP: 6/6
   147 | D:1      | Reached XP level 2. HP: 15/15 MP: 4/8
  1031 | D:2      | Reached XP level 3. HP: 19/19 MP: 2/9
  1314 | D:2      | You fall into a shaft and drop 1 floor!
  1333 | D:3      | Noticed Ijyb
  1350 | D:3      | Splashed by Ijyb's acid

Illustrated notes

Levels and vault maps discovered:
D:1:      wheals_arrival_shading, layout_loops_cross
D:2:      layout_basic
D:3:      layout_basic, nicolae_gozag_seed_capital, serial_shops,
          nicolae_shop_waterfront, uniq_jessica, uniq_ijyb

Skill      XL: |  1  2  3 |
---------------+----------+-----
Stealth        | 3 |  3.1
Dodging        | 3 |  3.0
Spellcasting   | |  3.6
Conjurations   | |  1.1
Air Magic      | |  3.7

Action                   || total
-------------------------++-------
Melee: Unarmed           ||     6
 Cast: Shock             ||    67
  Use: Scroll            ||     1
Armor: Robe              ||     2
Dodge: Dodged            ||    10
